 Dungeon Crawl Stone Soup version 0.30.1-6-gbe392663c4 (webtiles) character file.

Game seed: 5067921749885155810

93 H0rd4k the Charlatan (level 4, 0/33 HPs)
             Began as a Human Artificer on Sept 21, 2023.
             Hit by a stone thrown by a hobgoblin (3 damage)
             ... on level 3 of the Dungeon.
             The game lasted 00:01:41 (1999 turns).

H0rd4k the Charlatan (Human Artificer)              Turns: 1999, Time: 00:01:41

Health: 0/33       AC:  3    Str: 13    XL:     4   Next: 92%
Magic:  4/4        EV: 12    Int: 13    God:
Gold:   88         SH:  0    Dex: 13    Spells: 3/3 levels left

rFire   . . .        a - +0 club
rCold   . . .        (no shield)
rNeg    . . .        b - +0 leather armour
rPois   .            (no helmet)
rElec   .            (no cloak)
rCorr   .            (no gloves)
SInv    .            (no boots)
Will    .....        f - amulet of magic regeneration
Stlth   +            (no ring)
HPRegen 0.25/turn    (no ring)
MPRegen 0.49/turn

%: no passive effects
@: no status effects
A: no striking features
a: no special abilities


You were on level 3 of the Dungeon.
You visited 1 branch of the dungeon, and saw 3 of its levels.

You collected 88 gold pieces.

Inventory:

Hand Weapons
 a - a +0 club (weapon)
Armour
 b - a +0 leather armour (worn)
Jewellery
 f - an amulet of magic regeneration (around neck)
Wands
 c - a wand of flame (7) (quivered)
 d - a wand of charming (12)
 e - a wand of iceblast (5)
Scrolls
 g - 2 scrolls of identify {unknown}
 k - a scroll of teleportation {unknown}
 l - a scroll of noise {unknown}
Potions
 h - 2 potions of heal wounds {unknown}
 i - a potion of curing {unknown}
 j - a potion of lignification {unknown}
 m - a potion of flight {unknown}


   Skills:
 + Level 1.7 Fighting
 + Level 2.0 Maces & Flails
 - Level 2.0 Armour
 + Level 2.1 Dodging
 - Level 1.0 Stealth
 + Level 3.8 Evocations


You had 3 spell levels left.
You didn't know any spells.
Your spell library was empty.

Dungeon Overview and Level Annotations

Branches:
Dungeon (3/15)

Altars:


Message History

The puff of flame hits the bat!
You kill the bat!
You feel sick. The adder barely misses you.
You hit the adder.
The adder is lightly wounded.
You feel sick. The adder bites you but does no damage.
You hit the adder.
The adder is moderately wounded.
You feel sick.
You are no longer poisoned.
The adder closely misses you. The adder barely misses you.
You barely miss the adder.
The adder is moderately wounded.
The adder bites you.
You are poisoned.
The adder poisons you!
You closely miss the adder.
The adder is moderately wounded.
You feel sick. The adder bites you. The adder bites you but does no damage.
Aiming: Charm
Press: ? - help, Shift-Dir - straight line, f - adder
Aim: an adder (moderately wounded, chance to affect: 67%)
The adder is charmed.
You feel sick.
The hobgoblin throws a stone.
The stone misses your adder. The stone hits you.
* * * LOW HITPOINT WARNING * * *
Unknown command.
What are your orders? t - Shout!
Orders for allies: a - Attack new target. p - Attack previous target. r - Retreat! s - Stop attacking. g - Guard the area. f - Follow me.
Anything else - Cancel.
Guard this area!
You feel sick.
You are no longer poisoned.
The hobgoblin throws a stone.
The stone misses your adder. The stone hits you.
* * * LOW HITPOINT WARNING * * *
Your adder bites the hobgoblin.
Your adder barely misses the hobgoblin.
The hobgoblin throws a stone.
The stone barely misses your adder. The stone hits you.
You die...

#..........
#.........#
#.........#
........ .....
#†g# #S#
###.#####.#
#..@......#
#.##.####### #.#
....... #†#
####..##### #.#
#......# #.#
#......#
###'######......#
#......†........#
#......####.....#


You could see a hobgoblin (ally target) and a friendly adder (charmed).

Vanquished Creatures
  5 adders
  A dart slug (D:1)
  4 ball pythons
  3 bats
  9 endoplasms
  A giant cockroach (D:1)
  3 hobgoblins
  2 jackals (D:1)
  A kobold (D:2)
  3 quokkas
  A frilled lizard (D:1)
  4 goblins
  3 rats (D:2)
40 creatures vanquished.

Vanquished Creatures (collateral kills)
  A bat (D:2)
1 creature vanquished.

Grand Total: 41 creatures vanquished

Notes
Turn   | Place    | Note
-------+----------+-------------------------------------------
     0 | D:1      | H0rd4k the Human Artificer began the quest for the Orb.
     0 | D:1      | Reached XP level 1. HP: 15/15 MP: 1/1
   187 | D:1      | Reached XP level 2. HP: 13/21 MP: 2/2
   754 | D:1      | Reached XP level 3. HP: 23/26 MP: 3/3
  1110 | D:2      | Reached skill level 1 in Maces & Flails
  1195 | D:2      | Reached XP level 4. HP: 7/32 MP: 4/4
  1825 | D:3      | Identified the +0 scale mail "Jomuged" {+Inv rC++ rCorr
                  | Str-5 Int+3}
  1999 | D:3      | Hit by a stone thrown by a hobgoblin

Illustrated notes

Levels and vault maps discovered:
D:1:      wheals_arrival_shading, layout_basic
D:2:      layout_rooms, serial_glass, glass_columns_b, glass_columns_a,
          item_on_display_a, item_on_display_a, due_unseen_surprise
D:3:      layout_basic, nicolae_underground_beach

Skill      XL: |  1  2  3  4 |
---------------+-------------+-----
Maces & Flails | 1 2 |  2.0
Dodging        | 2 |  2.1
Fighting       | |  1.7
Armour         | |  2.0
Stealth        | |  1.0
Evocations     | |  3.8

Action                     |  1- 3 |  4- 6 || total
---------------------------+-------+-------++-------
  Melee: Club              |   117 |    85 ||   202
         Punch             |     2 |       ||     2
  Evoke: Wand              |     6 |     5 ||    11
   Stab: Sleeping          |     1 |       ||     1
 Armour: Leather armour    |    41 |    27 ||    68
  Dodge: Dodged            |    82 |    68 ||   150
